 Dungeon Crawl Stone Soup version 0.19.3-4-gbf9329e (webtiles) character file.

45 Alarkh the Chopper (level 3, 0/29 HPs)
             Began as a Demonspawn Monk on Jan 28, 2017.
             Succumbed to an adder's poison
             ... on level 2 of the Dungeon.
             The game lasted 00:01:11 (1252 turns).

Alarkh the Chopper (Demonspawn Monk)                Turns: 1252, Time: 00:01:12

Health: 0/29       AC:  2    Str: 11    XL:     3   Next: 42%
Magic:  2/3        EV: 13    Int: 12    God:    Xom [..*...]
Gold:   66         SH:  0    Dex: 15    Spells: 0 memorised, 2 levels left

rFire  . . .     SeeInvis .     a - +0 hand axe
rCold  . . .     Gourm    .     b - +0 robe
rNeg   . . .     Faith    .     (no shield)
rPois  .         Spirit   +     (no helmet)
rElec  .         Reflect  .     (no cloak)
rCorr  .         Harm     .     (no gloves)
MR     .....                    (no boots)
Stlth  ++........               (no amulet)
                                (no ring)
                                (no ring)

@: lethally poisoned (0 -> -3), very slightly contaminated, hasted, very quick
A: claws 1, magic shield
a: Renounce Religion


You were on level 2 of the Dungeon.
You worshipped Xom.
You were a toy of Xom.
You were not hungry.

You visited 1 branch of the dungeon, and saw 2 of its levels.

You collected 66 gold pieces.

Inventory:

Hand Weapons
 a - a +0 hand axe (weapon)
Armour
 b - a +0 robe (worn)
Scrolls
 f - a scroll of identify {unknown}
 g - a scroll of blinking {unknown}
 h - 2 scrolls of noise {unknown}
 i - 3 scrolls of recharging {unknown}
 k - a scroll of fear {unknown}
Comestibles
 c - 2 bread rations
 j - 2 meat rations


   Skills:
 - Level 3.0 Fighting
 + Level 4.1 Axes
 - Level 2.6 Dodging
 - Level 1.7 Stealth


You had 2 spell levels left.
You didn't know any spells.

Dungeon Overview and Level Annotations

Branches:
Dungeon (2/15)

Altars:
Xom


Innate Abilities, Weirdness & Mutations

You have sharp fingernails.
When hurt, damage is shared between your health and your magic reserves.


Message History

The adder is heavily wounded.
* * * LOW HITPOINT WARNING * * *
You feel sick. The adder barely misses you.
You hit the adder.
You kill the adder!
Your Axes skill increases to level 4!
* * * LOW HITPOINT WARNING * * *
You feel sick.
Okay, then.
There is a shimmering altar of Xom here.
You kneel at the altar of Xom.
Xom welcomes you!
* * * LOW HITPOINT WARNING * * *
You feel sick.
It was a potion of haste.
You feel yourself speed up.
You are very lightly contaminated with residual magic.
* * * LOW HITPOINT WARNING * * *
You feel sick.
You die...
Xom guffaws!

.... ###^### ##.._§§##
###......## #
###≈_≈##≈...#.#
#.....___≈.≈).#
##.##).♣≈^#≈_#. #####
#..##__≈..≈.## ...#
#.#####♣@..##
#.###.#..###^###...
#............. ...#..#
#.###.#####......<###.##..#
#..................##.#...
#######>.####.###..##.#..#
#..####.# #.<##.#..#
#.......# #...#.#..#
#..####.##.#.#..#..####


There were no monsters in sight!

Vanquished Creatures
  2 adders (D:2)
  A dart slug (D:1)
  5 giant cockroaches (D:1)
  7 hobgoblins (D:1)
  4 kobolds (D:1)
  2 bats (D:1)
  2 rats (D:1)
23 creatures vanquished.

Notes
Turn   | Place    | Note
-------+----------+-------------------------------------------
     0 | D:1      | Alarkh the Demonspawn Monk began the quest for the Orb.
     0 | D:1      | Reached XP level 1. HP: 18/18 MP: 1/1
    98 | D:1      | Reached skill level 3 in Axes
   159 | D:1      | Gained mutation: You have sharp fingernails. [demonic ancestry]
   159 | D:1      | Reached XP level 2. HP: 17/24 MP: 2/2
  1061 | D:2      | Found a shimmering altar of Xom.
  1104 | D:2      | Gained mutation: When hurt, damage is shared between your health and your magic reserves. [demonic ancestry]
  1104 | D:2      | Reached XP level 3. HP: 25/29 MP: 3/3
  1214 | D:2      | Found a shimmering altar of Xom.
  1214 | D:2      | Found a shimmering altar of Xom.
  1214 | D:2      | Found a shimmering altar of Xom.
  1214 | D:2      | Found a shimmering altar of Xom.
  1214 | D:2      | Found a shimmering altar of Xom.
  1215 | D:2      | Found a shimmering altar of Xom.
  1215 | D:2      | Found a shimmering altar of Xom.
  1219 | D:2      | Found a shimmering altar of Xom.
  1239 | D:2      | Reached skill level 4 in Axes
  1242 | D:2      | Became a worshipper of Xom of Chaos
  1246 | D:2      | HP: 1/29 [poisoned by an adder]
  1252 | D:2      | Succumbed to an adder's poison

Skill      XL: |  1  2  3 |
---------------+----------+-----
Axes           | 3 4 |  4.1
Fighting       | |  3.0
Dodging        | |  2.6
Stealth        | |  1.7

Action                   || total
-------------------------++-------
Melee: Hand axe          ||    98
  Use: Potion            ||     1
 Stab: Sleeping          ||     4
  Eat: Chunk             ||     1
Armor: Robe              ||    18
Dodge: Dodged            ||    73
